AoeStats
← no one

Arabia

510400510Analyzed
2v2 RM · 2d ago on Sep 30, 2026· 45m 48s· 4 players
Game mode
Random Map
Map size
Medium (4 player)
Population
200
Speed
Normal
Resources
Standard
Victory
Conquest
Starting age
Dark Age
Ending age
Imperial Age
RankedLock teamsTeams togetherTeam positionsShared explorationLock speedFull tech treeHidden civsTurbo modeCheats
Victory
Defeat
🇦🇷 Franks · Argentina
1302
+14
🇧🇲 Wu · Bermuda
1273
+15
🇹🇳 Franks · Tunisia
1262
-15
🇫🇷 Mongols · France
1246
-14
Jiggy
6:04 Loom
9:03 Feudal Age
10:27 Wheelbarrow
9:44 Double-Bit Axe
11:47 Man-at-Arms
16:14 Wheelbarrow
21:19 Forging
24:01 Castle Age
25:18 Iron Casting
24:49 Scale Barding Armor
24:50 Pikeman
25:31 Squires
27:39 Hand Cart
32:37 Gold Mining
34:41 Scale Mail Armor
41:48 Imperial Age
41:10 Squires
45:18 Imperial Age
ADCorGG
7:07 Loom
9:26 Feudal Age
17:38 Fletching
23:37 Castle Age
22:41 Bloodlines
22:47 Scale Barding Armor
22:29 Horse Collar
24:57 Wheelbarrow
24:40 Forging
24:43 Double-Bit Axe
27:10 Chain Barding Armor
28:11 Hand Cart
27:50 Elite Skirmisher
29:14 Bodkin Arrow
37:28 Bow Saw
37:20 Heavy Plow
42:12 Imperial Age
39:42 Stone Mining
39:43 Gold Mining
39:46 Town Watch
42:13 Light Cavalry
Veampyr
10:17 Feudal Age
10:29 Man-at-Arms
11:31 Loom
11:40 Double-Bit Axe
13:15 Horse Collar
17:28 Wheelbarrow
23:39 Castle Age
22:39 Scale Mail Armor
22:50 Forging
22:55 Arson
24:49 Chain Mail Armor
24:48 Bow Saw
24:44 Squires
26:12 Pikeman
34:52 Fletching
36:42 Gold Mining
38:08 Padded Archer Armor
40:28 Red Cliffs Tactics
41:21 Ballistics
41:03 Bodkin Arrow
42:07 Gold Shaft Mining
41:27 Stone Mining
43:36 Leather Archer Armor
47:04 Imperial Age
no one
6:19 Loom
9:13 Feudal Age
10:21 Double-Bit Axe
19:38 Scale Barding Armor
23:17 Castle Age
21:46 Gold Mining
22:46 Forging
24:15 Bow Saw
25:37 Chain Barding Armor
29:07 Town Watch
29:57 Wheelbarrow
30:59 Husbandry
31:43 Iron Casting
32:09 Fletching
35:42 Imperial Age
35:54 Cavalier
39:23 Plate Barding Armor
41:10 Conscription
42:19 Blast Furnace
45:43 Paladin
Connection lost

Rejoining the realm…

Still unreachable

The connection could not be restored.

Session expired

The server has moved on; the page needs a fresh start.